 Dungeon Crawl Stone Soup version 0.29-a0-483-g69413ace17 (webtiles) character file.

Game seed: 16873123056431874821

2639 greasedhog the Cleaver (level 9, -2/123 HPs)
             Began as a Hill Orc Berserker on May 25, 2022.
             Was an Elder of Trog.
             Succumbed to a gnoll sergeant's poison
             ... on level 7 of the Dungeon.
             The game lasted 00:07:20 (6061 turns).

greasedhog the Cleaver (Hill Orc Berserker)         Turns: 6061, Time: 00:07:21

Health: -2/123     AC: 13    Str: 24    XL:     9   Next: 61%
Magic:  9/9        EV:  7    Int: 10    God:    Trog [****..]
Gold:   302        SH:  0    Dex: 10    Spells: 8/8 levels left

rFire   . . .      SeeInvis .   b - +8 broad axe of Aniagick {freeze, rN+ Int+3}
rCold   . . .      Faith    .   (no shield)
rNeg    + . .      Spirit   .   k - +0 plate armour
rPois   .          Reflect  .   (no helmet)
rElec   .          Harm     .   (no cloak)
rCorr   .          Rampage  .   h - +0 pair of gloves
Will    +++..                   p - +0 pair of boots
Stlth   ..........              o - amulet of the acrobat
HPRegen 1.30/turn               t - ring of willpower
MPRegen 0.11/turn               (no ring)

@: berserking (expiring), lethally poisoned (-2 -> -23), strong-willed,
regenerating, very quick
A: no striking features
a: Renounce Religion, Berserk, Trog's Hand, Brothers in Arms


You were on level 7 of the Dungeon.
You worshipped Trog.
Trog was greatly pleased with you.
You visited 1 branch of the dungeon, and saw 7 of its levels.

You collected 302 gold pieces.

Inventory:

Hand Weapons
 b - the +8 broad axe of Aniagick (weapon) {freeze, rN+ Int+3}
   (You acquired it on level 1 of the Dungeon)

   It freezes those it strikes, dealing additional cold damage.
   It can also slow down cold-blooded creatures.
   Int:       It affects your intelligence (+3).
   rN:        It protects you from negative energy.
 m - a +0 vorpal executioner's axe
 u - a +0 trident
 y - a +1 whip of flaming
Armour
 h - a +0 pair of gloves (worn)
 k - a +0 plate armour (worn)
 p - a +0 pair of boots (worn)
Jewellery
 o - an amulet of the acrobat (around neck)
 t - a ring of willpower (left hand)
Wands
 q - a wand of digging (4)
Scrolls
 a - 2 scrolls of identify
 c - a scroll of fog
 n - 3 scrolls of teleportation
 v - 2 scrolls of poison
 w - a scroll of blinking
Potions
 d - 2 potions of haste
 e - 3 potions of heal wounds {unknown}
 f - a potion of lignification {unknown}
 g - 2 potions of mutation {unknown}
 i - 2 potions of might
 j - a potion of degeneration {unknown}
 l - 3 potions of flight {unknown}
 r - a potion of invisibility {unknown}
 s - a potion of magic {unknown}
 x - a potion of attraction {unknown}
 z - a potion of curing {unknown}


   Skills:
 * Level 8.5 Fighting
 * Level 14.5 Axes
 - Level 2.1 Armour
 - Level 2.1 Dodging


You had 8 spell levels left.
You didn't know any spells.
Your spell library was empty.

Dungeon Overview and Level Annotations

Branches:
Dungeon (7/15)             Temple (0/1) D:5

Altars:
Kikubaaqudgha
Ru
The Shining One


Message History

You feel very sick. The gnoll hits you but does no damage.
The gnoll sergeant hits you from afar with a +3 spear of venom.
You are more poisoned.
You feel very sick.
You feel a strong urge to attack something.
You feel very sick. The gnoll hits you with a +0 spear.
* * * LOW HITPOINT WARNING * * *
The gnoll sergeant completely misses you.
Things that are here:
a +0 vorpal halberd; a gnoll corpse The gnoll sergeant blocks your attack.
The gnoll sergeant is severely wounded.
You slice the gnoll!! You freeze the gnoll.
You kill the gnoll!
Trog accepts your kill.
You feel very sick.
The gnoll sergeant hits you with a +3 spear of venom!
* * * LOW HITPOINT WARNING * * *
You are lethally poisoned!
The gnoll sergeant blocks your attack.
The gnoll sergeant is severely wounded.
* * * LOW HITPOINT WARNING * * *
You feel very sick. The gnoll sergeant blocks your attack.
The gnoll sergeant is severely wounded.
* * * LOW HITPOINT WARNING * * *
You feel very sick.
The gnoll sergeant hits you with a +3 spear of venom!
* * * LOW HITPOINT WARNING * * *
You are more poisoned.
You are too berserk!
You barely miss the gnoll sergeant.
The gnoll sergeant is severely wounded.
* * * LOW HITPOINT WARNING * * *
You feel very sick. The gnoll sergeant blocks your attack.
The gnoll sergeant is severely wounded.
You die...

...... ......
###+#######+######+#......
..........................
.................)).#
..................).+
....................#
..........g.........#
..........@)........#
.........)..........#
################....#
#....# #....# #....#
#....# ##....# #..<..#


You could see a gnoll sergeant.

Vanquished Creatures
  Pikel (D:6)
  Prince Ribbit (D:6)
  A steam dragon (D:6)
  A black bear (D:5)
  An orc warrior (D:7)
  2 ice beasts
  A lemure (D:6)
  A centaur (D:6)
  2 phantoms
  A gnoll sergeant (D:6)
  2 necrophages (D:5)
  A scorpion (D:5)
  3 wights (D:6)
  2 howler monkeys (D:5)
  A crimson imp (D:5)
  3 hounds
  2 jellies (D:6)
  4 orc priests
  An iguana (D:5)
  Ijyb (D:4)
  9 orc wizards
  7 gnolls
  7 adders
  An ufetubus (D:4)
  2 worms
  A dart slug (D:4)
  23 orcs
  2 endoplasms
  3 giant cockroaches
  6 goblins
  5 hobgoblins
  4 jackals (D:2)
  A quokka (D:2)
  7 ball pythons
  2 bats
  6 frilled lizards
  A goblin skeleton (D:5)
  A goblin zombie (D:5)
  A hobgoblin zombie (D:5)
  5 kobolds
  4 kobold skeletons (D:5)
  2 kobold zombies (D:5)
  An orc skeleton (D:5)
  2 rats (D:1)
135 creatures vanquished.

Vanquished Creatures (others)
  A human (D:6)
1 creature vanquished.

Grand Total: 136 creatures vanquished

Notes
Turn   | Place    | Note
-------+----------+-------------------------------------------
     0 | D:1      | greasedhog the Hill Orc Berserker began the quest for the
                  | Orb.
     0 | D:1      | Reached XP level 1. HP: 19/19 MP: 1/1
   256 | D:1      | Found a faded altar of an unknown god.
   329 | D:1      | Identified a scroll of acquirement
   329 | D:1      | Acquired the +8 broad axe of Aniagick {freeze, rN+ Int+3}
   463 | D:1      | Reached XP level 2. HP: 17/26 MP: 2/2
   814 | D:2      | Reached skill level 5 in Axes
   910 | D:2      | Reached XP level 3. HP: 30/31 MP: 3/3
  1197 | D:2      | Reached ** piety under Trog
  1248 | D:2      | Reached skill level 6 in Axes
  1554 | D:3      | Reached XP level 4. HP: 39/39 MP: 4/4
  1816 | D:3      | Acquired a +0 vorpal executioner's axe
  2200 | D:4      | Reached skill level 7 in Axes
  2200 | D:4      | Reached XP level 5. HP: 14/45 MP: 5/5
  2538 | D:4      | Noticed Ijyb
  2548 | D:4      | Killed Ijyb
  2548 | D:4      | Noticed a phantom
  2555 | D:4      | Killed a phantom
  2556 | D:4      | Reached skill level 8 in Axes
  2556 | D:4      | Reached XP level 6. HP: 42/52 MP: 6/6
  3129 | D:5      | Entered Level 5 of the Dungeon
  3158 | D:5      | Reached skill level 9 in Axes
  3368 | D:5      | Found a glowing golden altar of the Shining One.
  3377 | D:5      | Reached XP level 7. HP: 60/60 MP: 7/7
  3430 | D:5      | Reached skill level 10 in Axes
  3442 | D:5      | Reached *** piety under Trog
  3573 | D:5      | Reached skill level 5 in Fighting
  4093 | D:5      | Reached skill level 11 in Axes
  4093 | D:5      | Reached XP level 8. HP: 69/69 MP: 8/8
  4181 | D:5      | Found a staircase to the Ecumenical Temple.
  4603 | D:6      | Noticed Prince Ribbit
  4614 | D:6      | Killed Prince Ribbit
  4615 | D:6      | Reached skill level 12 in Axes
  4816 | D:6      | Found an ancient bone altar of Kikubaaqudgha.
  5374 | D:6      | Reached skill level 13 in Axes
  5380 | D:6      | Noticed Pikel
  5385 | D:6      | Reached XP level 9. HP: 63/79 MP: 9/9
  5398 | D:6      | Killed Pikel
  5649 | D:6      | Reached skill level 14 in Axes
  5818 | D:6      | Found a sacrificial altar of Ru.
  5938 | D:7      | Reached **** piety under Trog
  6060 | D:7      | HP: 2/123 [poisoned by a gnoll sergeant]
  6061 | D:7      | Succumbed to a gnoll sergeant's poison

Illustrated notes

Levels and vault maps discovered:
D:1:      dpeg_arrival_stone_temple_mockup, layout_basic, basic_ecumenical_altar
D:2:      layout_basic
D:3:      layout_rooms
D:4:      layout_cave_pools, kennysheep_potato, uniq_ijyb
D:5:      layout_basic, nicolae_tso_besieged_by_evil, minmay_temple_entry_glass
D:6:      layout_basic, nicolae_ru_the_path_less_chosen, tgw_kikubaaqudgha,
          uniq_prince_ribbit1, uniq_pikel
D:7:      layout_gridville, serial_shops, nicolae_stop_n_shop_1,
          kennysheep_mini_moat, nicolae_lakefront_shop, st_stairs_3,
          uniq_menkaure

Skill      XL: |  1  2  3  4  5  6  7  8  9 |
---------------+----------------------------+-----
Axes           | 5 6 7 8 9 11 13 14 | 14.5
Dodging        | 2 |  2.1
Fighting       | 4 5 7 8 |  8.5
Armour         | |  2.1

Action                   |  1- 3 |  4- 6 |  7- 9 || total
-------------------------+-------+-------+-------++-------
Melee: Hand axe          |    15 |       |       ||    15
       Broad axe         |    31 |    12 |    70 ||   113
       Executioner's axe |       |   133 |    89 ||   222
       Punch             |       |       |     1 ||     1
Invok: Berserk           |       |     1 |     2 ||     3
       Trog's Hand       |       |       |     2 ||     2
  Use: Scroll            |     4 |     2 |     3 ||     9
Armor: Leather armour    |     8 |       |       ||     8
       Animal skin       |     1 |       |       ||     1
       Plate armour      |     5 |   168 |    97 ||   270
Dodge: Dodged            |    25 |    49 |    70 ||   144

Table legend: (Time is in decaauts)
 A = Elapsed time spent in this place.
 B = Non-inter-level travel time spent in this place.
 C = Inter-level travel time spent in this place.
 D = Time resting spent in this place.
 E = Time spent auto-exploring this place.
 F = Levels seen in this place.
 G = Mean time per level.
                   A        B        C        D        E       F      G
               +--------+--------+--------+--------+--------+-----+--------+
         Total |   6185 |   6052 |    133 |    256 |   4867 |   7 |  883.6 |
       Dungeon |   6185 |   6052 |    133 |    256 |   4867 |   7 |  883.6 |
               +--------+--------+--------+--------+--------+-----+--------+

Top non-repeatable levels by time:
     D:6: 1469 daAuts
     D:5: 1377 daAuts
     D:4: 997 daAuts
     D:1: 810 daAuts
     D:2: 748 daAuts
     D:3: 652 daAuts
     D:7: 129 daAuts
